 Dungeon Crawl Stone Soup version 0.30.0-3-ga4e48a9924 (webtiles) character file.

Game seed: 5760856476998343614

2839 avis the Ducker (level 9, -7/72 HPs)
             Began as a Merfolk Transmuter on May 8, 2023.
             Was a Follower of Uskayaw.
             Mangled by a +1 spectral quarterstaff (13 damage)
             ... created by Joseph
             ... on level 7 of the Dungeon.
             The game lasted 01:00:29 (7030 turns).

avis the Ducker (Merfolk Transmuter)                Turns: 7030, Time: 01:00:30

Health: -7/72      AC:  4    Str: 13    XL:     9   Next: 74%
Magic:  11/15      EV: 20    Int: 12    God:    Uskayaw [*.....]
Gold:   297        SH:  0    Dex: 16    Spells: 1/16 levels left

rFire   . .          .
                       - Unarmed
rCold   . . .        (shield currently unavailable)
rNeg    . . .        a - +0 robe
rPois   .            o - +1 hat
rElec   .            l - +0 cloak
rCorr   .            d - melded +2 pair of gloves {Stlth+}
SInv    .            (no boots)
Will    +....        (no amulet)
Stlth   ++           c - ring of willpower
HPRegen 0.32/turn    E - +5 ring of evasion
MPRegen 0.14/turn

%: no passive effects
@: blade hands (expiring), marked
A: (nimble swimmer 2), mertail
a: End Transformation, Renounce Religion, Stomp


You were on level 7 of the Dungeon.
You worshipped Uskayaw.
Uskayaw was noncommittal.
You had blades for hands.
You visited 2 branches of the dungeon, and saw 8 of its levels.

You collected 319 gold pieces.
You spent 22 gold pieces at shops.

Inventory:

Hand Weapons
 b - a +1 shortbow
Missiles
 h - 9 boomerangs
 y - 6 javelins
 D - 4 poisoned darts
Armour
 a - a +0 robe (worn)
 d - a +2 pair of gloves of stealth (melded)
 l - a +0 cloak (worn)
 o - a +1 hat (worn)
Jewellery
 c - a ring of willpower (left blade hand)
 g - a ring of ice
 E - a +5 ring of evasion (right blade hand)
 H - a ring of see invisible
Wands
 f - a wand of iceblast (14)
 m - a wand of flame (10)
Scrolls
 i - a scroll of fog {unknown}
 j - a scroll of enchant armour {unknown}
 k - a scroll of fear {unknown}
 p - a scroll of magic mapping {unknown}
 q - 2 scrolls of poison
 t - a scroll of torment {unknown}
 z - a scroll of blinking
 B - a scroll of immolation {unknown}
 C - a scroll of teleportation
Potions
 e - 2 potions of curing
 n - 3 potions of haste
 u - 2 potions of brilliance
 w - a potion of might
 A - a potion of lignification


   Skills:
 - Level 7.0 Fighting
 - Level 7.0 Dodging
 - Level 2.0 Stealth
 - Level 7.0 Unarmed Combat
 - Level 4.0 Spellcasting
 - Level 7.0 Transmutations
 - Level 4.0 Ice Magic
 - Level 1.0 Poison Magic
 * Level 4.1 Invocations


You had one spell level left.
You knew the following spells:

 Your Spells              Type           Power      Damage    Failure   Level
a - Beastly Appendage     Tmut           38%        N/A       17%         1
e - Wereblood             Tmut           19%        N/A       21%         2
p - Spider Form           Tmut/Pois      12%        N/A       52%         3
q - Ice Form              Ice/Tmut       15%        N/A       65%         4
B - Blade Hands           Tmut           9%         N/A       77%         5

Your spell library contained the following spells:

 Spells                   Type           Power      Damage    Failure   Level
 Freeze                   Ice            48%        1d6       30%         1
 Magic Dart               Conj           8%         1d3       65%         1
 Frozen Ramparts          Ice            24%        1d4       52%         3
 Hailstorm                Conj/Ice       7%         3d4       71%         3
 Call Imp                 Summ           4%         N/A       75%         2
 Lesser Beckoning         Tloc           4%         N/A       75%         2
 Mephitic Cloud           Conj/Pois/Air  3%         N/A       88%         3
 Gell's Gravitas          Tloc           2%         N/A       89%         3
 Portal Projectile        Hex/Tloc       4%         N/A       89%         3
 Teleport Other           Tloc           2%         N/A       89%         3
 Tukima's Dance           Hex            2%         N/A       89%         3


Dungeon Overview and Level Annotations

Branches:
Dungeon (7/15)             Temple (1/1) D:7

Altars:
Ashenzari
Cheibriados
Dithmenos
Fedhas
Kikubaaqudgha
Makhleb
Nemelex Xobeh
Okawaru
Qazlal
Ru
Sif Muna
Uskayaw
Vehumet
Wu Jian
Yredelemnul
Zin
The Shining One

Shops:
D:1 **(*(   D:6 [

Annotations:
D:5 1 runed translucent door, HobsGoblin's ghost, amateur TrNe
D:7 Joseph


Innate Abilities, Weirdness & Mutations

You have blades for hands.
Your spellcasting is less reliable in this form.
You are incapable of wielding weapons or throwing items.
((You are very nimble when in or above water. (Stealth+, EV+, Speed+++)))
Your lower body shifts to a powerful aquatic tail in water.


Message History

The sling bullet hits you!
You warm up again.
Your +0 cloak unmelds from your body.
Your +1 hat unmelds from your body.
Your +2 pair of gloves of stealth unmelds from your body.
Your +0 robe unmelds from your body.
You feel stealthy.
Casting: Ice Form (dangerous; 22% risk of failure)
Confirm with . or Enter, or press ? or * to list all spells.
The spell is quite dangerous to miscast (34% risk of failure)!
Continue anyway?
Your hands turn into razor-sharp scythe blades.
Your +2 pair of gloves of stealth melds into your body.
You feel less stealthy.
Your transformation is almost over.
Joseph unwields a +0 sling.
Joseph wields a +1 spectral quarterstaff.
Joseph hits you but does no damage. The +1 spectral quarterstaff hits you!
A +1 spectral quarterstaff comes into view.
You slice Joseph!!
Joseph is heavily wounded.
The +1 spectral quarterstaff hits you. Joseph completely misses you.
The +1 spectral quarterstaff completely misses you.
You hit Joseph but do no damage.
Joseph is heavily wounded.
Joseph hits you with a +1 spectral quarterstaff!
The +1 spectral quarterstaff hits you!
You hit Joseph but do no damage.
Joseph is heavily wounded.
Joseph misses you. The +1 spectral quarterstaff hits you!
* * * LOW HITPOINT WARNING * * *
You feel much better.
A howler monkey comes into view. x2
Joseph hits you with a +1 spectral quarterstaff!
The +1 spectral quarterstaff hits you!
* * * LOW HITPOINT WARNING * * *
The howler monkey hoots and howls with incredible vigour!
You slice Joseph!!
Joseph is severely wounded.
Joseph hits you with a +1 spectral quarterstaff!
* * * LOW HITPOINT WARNING * * *
The +1 spectral quarterstaff hits you!
You die...

#......>..)...........
#.......)#.#####..#.###
######'##.#### ..#.#
#............. ... .
##............ ....
#.###.##.#### # #.##.#
.#.
#####.###@##.#####..#.#.#
........@(......<........
.####.###.##.#####..#.###
# ....... ...#.###
#.##.######.#....
#.##..h.........#
#.##..h..........
.######.##'######'#.#..
...................##+#
.######.#..............


You could see Joseph, a +1 spectral quarterstaff (wandering) and 2 howler
monkeys.

Vanquished Creatures
  3 steam dragons
  Menkaure (D:7)
  3 water moccasins
  2 black bears
  2 orc warriors (D:7)
  A sky beast (D:6)
  An ice beast (D:7)
  4 ogres (D:5)
  A centaur (D:5)
  2 bullfrogs (D:6)
  A gnoll sergeant (D:6)
  3 jellies
  6 scorpions
  2 howler monkeys
  2 hounds
  2 iguanas (D:5)
  4 orc wizards
  5 gnolls (D:6)
  7 adders
  2 white imps (D:5)
  2 worms (D:2)
  4 dart slugs
  19 orcs
  6 ball pythons
  7 endoplasms
  3 giant cockroaches (D:2)
  7 goblins
  7 hobgoblins
  5 jackals
  7 kobolds
  7 quokkas
  9 bats
  3 frilled lizards
  6 rats
146 creatures vanquished.

Vanquished Creatures (others)
  An orc (D:7)
  A fungus (D:3)
  2 plants (D:3)
  2 withered plants (D:5)
6 creatures vanquished.

Grand Total: 152 creatures vanquished

Notes
Turn   | Place    | Note
-------+----------+-------------------------------------------
     0 | D:1      | avis the Merfolk Transmuter began the quest for the Orb.
     0 | D:1      | Reached XP level 1. HP: 15/15 MP: 3/3
    39 | D:1      | Found Dagiez's Assorted Antiques.
    93 | D:1      | Reached XP level 2. HP: 15/22 MP: 5/5
   183 | D:1      | Found Irhez's General Store.
   332 | D:1      | Found Moce's Antique Weapon Shoppe.
   382 | D:1      | Found Gotenixt's General Store.
   456 | D:1      | Learned a level 2 spell: Wereblood
   573 | D:1      | You fall into a shaft and drop 1 floor!
   588 | D:2      | Reached skill level 1 in Stealth
   588 | D:2      | Reached XP level 3. HP: 26/27 MP: 4/6
   608 | D:2      | Learned a level 3 spell: Spider Form
   807 | D:2      | Reached skill level 1 in Poison Magic
  1136 | D:1      | Bought a scroll of identify for 22 gold pieces
  1141 | D:1      | Found Riunyed's Weapon Shoppe.
  1329 | D:2      | Reached XP level 4. HP: 34/34 MP: 3/7
  1837 | D:3      | Found a shadowy altar of Dithmenos.
  2161 | D:3      | Found a snail-covered altar of Cheibriados.
  2167 | D:3      | Found a sacrificial altar of Ru.
  2222 | D:3      | Reached XP level 5. HP: 41/41 MP: 6/8
  2256 | D:3      | Found a blossoming altar of Fedhas.
  2355 | D:3      | Reached skill level 5 in Unarmed Combat
  2654 | D:4      | Reached XP level 6. HP: 42/47 MP: 6/10
  2892 | D:4      | Learned a level 4 spell: Ice Form
  2898 | D:4      | Found an ancient bone altar of Kikubaaqudgha.
  3117 | D:4      | Noticed a black bear
  3129 | D:4      | Killed a black bear
  3484 | D:5      | Entered Level 5 of the Dungeon
  3490 | D:5      | Reached XP level 7. HP: 51/52 MP: 10/13
  3727 | D:5      | Reached skill level 5 in Transmutations
  3819 | D:5      | Reached skill level 1 in Ice Magic
  4073 | D:5      | Reached XP level 8. HP: 60/60 MP: 9/14
  4162 | D:5      | Found a runed translucent door.
  4162 | D:5      | Noticed HobsGoblin's ghost (amateur TrNe)
  4330 | D:5      | Reached skill level 5 in Fighting
  4357 | D:5      | Learned a level 5 spell: Blade Hands
  4545 | D:5      | Reached skill level 5 in Dodging
  5187 | D:6      | Found a hide-covered altar of Uskayaw.
  5187 | D:6      | Found an ornate altar of the Wu Jian Council.
  5187 | D:6      | Found a shimmering blue altar of Sif Muna.
  5191 | D:6      | Became a worshipper of Uskayaw the Reveller
  5240 | D:6      | Found a radiant altar of Vehumet.
  5244 | D:6      | Reached * piety under Uskayaw
  5250 | D:6      | Reached ** piety under Uskayaw
  5281 | D:5      | Reached skill level 1 in Invocations
  5435 | D:6      | Reached XP level 9. HP: 53/69 MP: 12/15
  5656 | D:6      | Found a stormy altar of Qazlal.
  5773 | D:6      | Reached *** piety under Uskayaw
  5780 | D:6      | Reached **** piety under Uskayaw
  5832 | D:6      | Found Maoguz's Armour Emporium.
  6157 | D:6      | Found a glowing golden altar of the Shining One.
  6353 | D:7      | Noticed Menkaure
  6458 | D:7      | Killed Menkaure
  6543 | D:7      | Found a staircase to the Ecumenical Temple.
  6591 | Temple   | Entered the Ecumenical Temple
  6800 | Temple   | Identified a scroll of acquirement
  6806 | Temple   | Acquired a +2 pair of gloves of stealth
  7016 | D:7      | Noticed Joseph
  7030 | D:7      | Mangled by a +1 spectral quarterstaff

Illustrated notes

Levels and vault maps discovered:
D:1:      spicycebolla_arrival_risky_transporter, layout_basic, serial_shops,
          shop_fountains, shop, shop, shop, shop, minivault_26, minmay_vboxes
D:2:      layout_loops_ring
D:3:      layout_basic, fedhas_altar_3, old_standard_altar,
          mainiacjoe_overflow_big_doors, serial_glass, glass_columns_c,
          glass_columns_b, glass_columns_a, minmay_statues_item
D:4:      layout_loops_ring, kennysheep_little_box
D:5:      layout_gridville, gammafunk_ghost_grave
D:6:      layout_basic, vehumet_altar_wand_db, mainiacjoe_overflow_24_doors,
          chequers_temple_overflow_statue_of_worship, tso_altar, serial_shops,
          shop
D:7:      lemuel_ice_spiral_2, layout_basic,
          minmay_temple_entry_statues_pillars, uniq_menkaure, uniq_joseph
Temple:   hellmonk_temple_rainy

Skill      XL: |  1  2  3  4  5  6  7  8  9 |
---------------+----------------------------+-----
Fighting       | 2 3 4 5 7 |  7.0
Unarmed Combat | 4 5 6 7 |  7.0
Dodging        | 3 4 5 7 |  7.0
Stealth        | 1 2 |  2.0
Transmutations | 3 5 7 |  7.0
Poison Magic   | 1 |  1.0
Spellcasting   | 4 |  4.0
Ice Magic      | 4 |  4.0
Invocations    | 1 4 |  4.1

Action                     |  1- 3 |  4- 6 |  7- 9 || total
---------------------------+-------+-------+-------++-------
  Melee: Unarmed           |   100 |   128 |   196 ||   424
         Headbutt          |    11 |     5 |       ||    16
         Punch             |     2 |     3 |     1 ||     6
   Cast: Beastly Appendage |    20 |     8 |     2 ||    30
         Spider Form       |     7 |    26 |    29 ||    62
         Ice Form          |       |       |     7 ||     7
         Blade Hands       |       |       |     4 ||     4
Ability: End Transformatio |       |       |     4 ||     4
    Use: Scroll            |     1 |     2 |    10 ||    13
         Potion            |       |       |     1 ||     1
   Stab: Sleeping          |     2 |     8 |     5 ||    15
         Distracted        |       |     1 |       ||     1
         Paralysed         |       |       |     3 ||     3
 Armour: Robe              |     9 |    12 |     7 ||    28
         Skin              |       |     4 |     6 ||    10
  Dodge: Dodged            |    48 |    94 |   176 ||   318
